 Dungeon Crawl Stone Soup version 0.19-a0-650-gab89c2a (webtiles) character file.

21 Folque01 the Conjurer (level 2, -1/17 HPs)
             Began as a Tengu Conjurer on June 15, 2016.
             Slain by an adder (5 damage)
             ... on level 1 of the Dungeon.
             The game lasted 00:06:02 (643 turns).

Folque01 the Conjurer (Tengu Conjurer)               Turns: 643, Time: 00:06:02

Health: -1/17      AC:  4    Str:  8    XL:     2   Next: 87%
Magic:  4/6        EV: 12    Int: 15    God:
Gold:   69         SH:  0    Dex: 14    Spells: 2 memorised, 2 levels left

rFire  . . .     SeeInvis .     d - +0 short sword
rCold  . . .     Gourm    .     a - +0 robe
rNeg   . . .     Faith    .     (no shield)
rPois  +         Spirit   .     (helmet restricted)
rElec  .         Dismiss  .     j - +1 cloak {rPois}
rCorr  .         Reflect  .     (no gloves)
SustAt .         Harm     .     (boots unavailable)
MR     .....                    (no amulet)
Stlth  ++........               (no ring)
                                (no ring)

@: lethally poisoned (-1 -> -5), not resistant to hostile enchantments,
unstealthy
A: beak, talons 3
a: no special abilities


You were on level 1 of the Dungeon.
You were not hungry.

You visited 1 branch of the dungeon, and saw 2 of its levels.

You collected 69 gold pieces.

Inventory:

Hand Weapons
 d - a +0 short sword (weapon)
Armour
 a - a +0 robe (worn)
 j - a +1 cloak of poison resistance (worn)
Scrolls
 h - a scroll of immolation {unknown}
 l - a scroll of identify {unknown}
Potions
 e - a potion of invisibility {unknown}
 f - a potion of flight {unknown}
 k - 2 potions of heal wounds {unknown}
Books
 b - a book of Conjurations

   Spells                             Type                      Level
   a - Magic Dart                     Conjuration                  1
   b - Searing Ray                    Conjuration                  2
   c - Dazzling Spray                 Conjuration/Hexes            3
   d - Fulminant Prism                Conjuration/Hexes            4
   e - Iskenderun's Mystic Blast      Conjuration                  4
   f - Iskenderun's Battlesphere      Conjuration/Charms           5
Comestibles
 c - a bread ration
 g - a royal jelly


   Skills:
 * Level 1.9 Fighting
 - Level 2.1 Dodging
 - Level 2.0 Stealth
 + Level 2.1 Spellcasting
 + Level 5.5 Conjurations


You had 2 spell levels left.
You knew the following spells:

 Your Spells              Type           Power        Failure   Level  Hunger
a - Magic Dart            Conj           ###.         1%          1    #......
b - Searing Ray           Conj           ###...       3%          2    ###....


Dungeon Overview and Level Annotations

Branches:
Dungeon (2/15)

Altars:


Innate Abilities, Weirdness & Mutations

You have a beak for a mouth.
You have claws for feet.


Message History

There is a stone staircase leading up here.
The giant gecko bites you but does no damage.
The adder bites you. x2
The giant gecko bites you but does no damage.
You climb upwards.
There is a stone staircase leading down here.
Casting: Searing Ray
Confirm with . or Enter, or press ? or * to list all spells.
Aiming: Searing Ray
Press: ? - help, Shift-Dir - straight line, f - adder
Aim: an adder (lightly wounded)
The searing ray hits the adder.
The adder is almost dead.
The adder completely misses you. The adder bites you.
* * * LOW HITPOINT WARNING * * *
You are poisoned.
The adder poisons you! The giant gecko bites you.
* * * LOW HITPOINT WARNING * * *
The adder bites you.
You die...

...##.#..........##'##........#..
.####.##.#.#.#####...#####.#.....
.###.....#.#.'.'.'.<.'.'.).#.###.
......####.#######...#######.....
####.......# ###'##.......###.
####.####### #.#.##.#####.##..
..##.# ########.#'##.#####.##..
.....# #.....lS##.#.....##.##..
..#### #.#####@##'##.##.##.###.
### #.#####S##.##.......# #.
#.##.......#####.#######
#.##.##.##.# ##......#
#.##.##.##.####..####.#
#####.......##.......####.#
#...[.##.##########.....#.#
#.###.##.# ########.##.#.#
#.###.##.# #.......[.....#


You could see 2 adders and a giant gecko.

Vanquished Creatures
  A gnoll (D:1)
  2 giant cockroaches (D:1)
  3 goblins (D:1)
  A hobgoblin (D:1)
  2 jackals (D:1)
  2 kobolds (D:1)
  A rat (D:1)
12 creatures vanquished.

Notes
Turn   | Place    | Note
--------------------------------------------------------------
     0 | D:1      | Folque01 the Tengu Conjurer began the quest for the Orb.
     0 | D:1      | Reached XP level 1. HP: 10/10 MP: 4/4
   155 | D:1      | Reached skill level 1 in Fighting
   279 | D:1      | Reached XP level 2. HP: 15/16 MP: 6/6
   307 | D:1      | Learned a level 2 spell: Searing Ray
   643 | D:1      | Slain by an adder

Vault maps used:
D:1:      minmay_arrival_doors, serial_glass, glass_columns_a, glass_columns_a
D:2:      lightli_temple_of_fire, kennysheep_slug_shrine

Skill      XL: |  1 |
---------------+----+-----
Fighting       | 1 |  1.9
Dodging        | |  2.1
Stealth        | |  2.0
Spellcasting   | |  2.1
Conjurations   | |  5.5

Action                   || total
-------------------------++-------
Melee: Short sword       ||     3
       Kick              ||     1
       Peck              ||     1
 Cast: Magic Dart        ||    21
       Searing Ray       ||     2
  Use: Scroll            ||     2
 Stab: Sleeping          ||     1
Armor: Robe              ||     2
Dodge: Dodged            ||     4
